 Dungeon Crawl Stone Soup version 0.30-a0-170-g85af917532 (webtiles) character file.

Game seed: 11202921609548616157

60683 quinnr the Transmogrifier (level 14, 0/98 HPs)
             Began as a Spriggan Earth Elementalist on Sept 30, 2022.
             Was a High Priest of Sif Muna.
             Killed from afar by an ironbound frostheart (15 damage)
             ... by creeping frost
             ... in an ice cave.
             The game lasted 01:31:14 (26621 turns).

quinnr the Transmogrifier (SpEE)                   Turns: 26621, Time: 01:31:14

Health: 0/98       AC: 27    Str:  4    XL:     14   Next: 57%
Magic:  29/29      EV: 24    Int: 22    God:    Sif Muna [*****.]
Gold:   1070       SH:  7    Dex: 15    Spells: 4/33 levels left

rFire   + + .      SeeInvis +    J - +5 dagger (elec)
rCold   + + +      Faith    .    X - +0 buckler
rNeg    + . .      Spirit   .    (body armour currently unavailable)
rPois   ∞          Reflect  .    (helmet restricted)
rElec   +          Harm     .    G - scarf {repulsion}
rCorr   +          Rampage  .    (gloves unavailable)
Will    ++...                    (boots unavailable)
Stlth   +++.......               h - amulet of magic regeneration
HPRegen 0.26/turn                M - ring of Movylonn {Fly rF+ rC+++ rCorr}
MPRegen 0.61/turn                F - ring of protection from fire

@: statue-form, frozen, flying, studying Evocations, repel missiles, very slow
A: slow and powerful, torment resistance 1, boosted hp, very small, no large
weapons, unfitting armour, see invisible, (speed 3), deformed body
a: End Transformation, Renounce Religion, Channel Magic, Forget Spell, Divine
Exegesis


You were in an ice cave.
You worshipped Sif Muna.
Sif Muna was extremely pleased with you.
You were a living statue of rough stone.
You visited 4 branches of the dungeon, and saw 20 of its levels.
You also visited: Ice Cave.

You collected 1699 gold pieces.
You spent 629 gold pieces at shops.


Innate Abilities, Weirdness & Mutations

You are a living statue of rough stone.
Your actions are slow, but your melee attacks are powerful.
You are resistant to unholy torment.
Your maximum health is greatly increased.
You are immune to poison.
Your equipment is partially melded.
You are very small and have problems with some larger weapons.
You are too small for most types of armour.
You have supernaturally acute eyesight. (SInv)
((You cover ground extremely quickly. (Speed+++)))
Armour fits poorly on your strangely shaped body.


   Skills:
 + Level 9.7 Fighting
 - Level 4.0 Short Blades
 + Level 12.9 Dodging
 - Level 6.0 Stealth
 - Level 4.0 Shields
 - Level 10.0 Spellcasting
 + Level 6.2 Conjurations
 - Level 14.3 Transmutations
 + Level 11.1 Earth Magic
 - Level 10.1 Evocations


You had 4 spell levels left.
You knew the following spells:

 Your Spells              Type           Power      Damage    Failure   Level
a - Passwall              Tmut/Erth      50%        N/A       1%          2
i - Irradiate             Conj/Tmut      27%        3d20      4%          5
l - Lehudib's Crystal Sp  Conj/Erth      24%        10d7      100%        8
p - Petrify               Tmut/Erth      61%        N/A       1%          4
s - Statue Form           Tmut/Erth      40%        N/A       10%         6
w - Stone Arrow           Conj/Erth      98%        3d13      1%          3
z - Sandblast             Erth           100%       2d20      1%          1

Your spell library contained the following spells:

 Spells                   Type           Power      Damage    Failure   Level
 Beastly Appendage        Tmut           100%       N/A       1%          1
 Sting                    Tmut/Pois      100%       1d8       1%          1
 Foxfire                  Conj/Fire      96%        2x1d8     3%          1
 Shock                    Conj/Air       96%        1d9       3%          1
 Ignite Poison            Fire/Tmut/Pois 31%        N/A       4%          3
 Ice Form                 Ice/Tmut       42%        N/A       6%          4
 Necrotise                Necr           44%        1d6       12%         1
 Slow                     Hex            44%        N/A       12%         1
 Summon Small Mammal      Summ           44%        N/A       12%         1
 Animate Armour           Summ/Erth      70%        N/A       12%         4
 Leda's Liquefaction      Hex/Erth       17%        N/A       12%         4
 Cigotuvi's Dreadful Rot  Necr/Pois/Air  22%        N/A       19%         2
 Poisonous Vapours        Pois/Air       22%        N/A       19%         2
 Call Canine Familiar     Summ           11%        N/A       34%         3
 Confusing Touch          Hex            11%        N/A       34%         3
 Gell's Gravitas          Tloc           11%        N/A       34%         3
 Portal Projectile        Hex/Tloc       22%        N/A       34%         3
 Summon Guardian Golem    Hex/Summ       11%        N/A       34%         3
 Teleport Other           Tloc           11%        N/A       34%         3
 Vampiric Draining        Necr           11%        2d6       34%         3
 Dispel Undead            Necr           11%        3d9       75%         4
 Blade Hands              Tmut           32%        N/A       1%          5
 Lee's Rapid Deconstruct  Erth           28%        3d16*     3%          5
 Dragon Form              Tmut           32%        N/A       28%         7
 Arcjolt                  Conj/Air       12%        1d22      67%         5
 Fireball                 Conj/Fire      12%        3d7       67%         5
 Eringya's Noxious Bog    Tmut/Pois      21%        N/A       69%         6
 Agony                    Necr           11%        N/A       97%         5
 Silence                  Hex/Air        5%         N/A       97%         5
 Summon Mana Viper        Hex/Summ       11%        N/A       97%         5
 Starburst                Conj/Fire      12%        6d5       99%         6
 Death Channel            Necr           5%         N/A       100%        6
 Shatter                  Erth           28%        3d23*     100%        9

Inventory:

Hand Weapons
 m - a +0 dagger of holy wrath
 B - a +1 dagger of speed
 D - a +2 dagger of draining
 J - a +5 dagger of electrocution (weapon)
 V - a +2 dagger of venom
Missiles
 w - 13 curare-tipped darts {=f}
Armour
 p - a +1 robe of cold resistance
 G - a scarf of repulsion (worn)
 K - +1 steam dragon scales (melded)
 X - a +0 buckler (worn)
Magical Staves
 f - a staff of poison {!a}
 u - a staff of conjuration {!a}
 x - a staff of cold {!a}
 N - a staff of death {!a}
Jewellery
 h - an amulet of magic regeneration (around neck)
 i - a +6 ring of intelligence
 C - a +6 ring of intelligence
 E - a +4 ring of evasion
 F - a ring of protection from fire (right fist)
 I - a +6 ring of intelligence
 M - the ring of Movylonn (left fist) {Fly rF+ rC+++ rCorr}
   (You took it off a wizard on level 12 of the Dungeon)

   [ring of flight]

   rF:        It protects you from fire.
   rC:        It renders you almost immune to cold.
   Fly:       It grants you flight.
   rCorr:     It protects you from acid and corrosion.
 R - a ring of resist corrosion
 U - an amulet of regeneration
Wands
 v - a wand of flame (14)
 y - a wand of roots (8)
 L - a wand of mindburst (16)
 P - a wand of charming (15)
 T - a wand of light (13)
Scrolls
 a - a scroll of blinking
 e - 13 scrolls of teleportation {@r2}
 k - 2 scrolls of fear
 q - 2 scrolls of brand weapon
 r - a scroll of silence {!r}
 s - 3 scrolls of poison
 H - 2 scrolls of vulnerability
 Q - a scroll of magic mapping
 W - 2 scrolls of identify {@r1}
 Z - 2 scrolls of amnesia
Potions
 b - 2 potions of magic
 c - 4 potions of ambrosia
 d - 13 potions of curing {@q1}
 g - a potion of mutation
 j - 5 potions of flight
 l - 2 potions of haste {@q3}
 n - 2 potions of heal wounds {@q2}
 o - 2 potions of lignification
 t - a potion of resistance
 z - 2 potions of invisibility
 A - 6 potions of cancellation
 O - 5 potions of attraction
 S - 2 potions of might
 Y - 2 potions of brilliance

Dungeon Overview and Level Annotations

Branches:
Dungeon (12/15)            Temple (1/1) D:4            Lair (5/5) D:10
 Shoals (0/4) Lair:2       Spider (0/4) Lair:3        Slime (0/5) Lair:5
    Orc (2/2) D:11            Elf (0/3) Orc:2         IceCv (1/1)

Altars:
Cheibriados
Dithmenos
Elyvilon
Gozag
Hepliaklqana
Kikubaaqudgha
Makhleb
Nemelex Xobeh
Okawaru
Qazlal
Ru
Sif Muna
Uskayaw
Vehumet
Wu Jian
Xom
Zin
The Shining One

Shops:
D:1 !   D:4 :   D:5 =?[:   Orc:2 *

Annotations:
D:6 3 runed translucent doors, enile's ghost, novice TeCj
D:9 EyeSee2020's ghost, novice MiFi
D:12 !storm dragon, Frances
Orc:2 Jorgrun ##### ########## #)[.# #YY.##pp.#########.⌠.# #...##†..##Y..#..#.....#### #Yhhh ########8.#....#####~# Yh.. #..#####.~~#~#~# pkp

##..##..~#~~~†##
#.
###...##~~≈#~~####
# #### #######~~.#
###.. ##..# #..##
###..#


You could see 2 ironbound frosthearts and a yak.


Message History

The ice encasing you melts away.
The ironbound frostheart calls freezing cold from the walls.
The frost grips you!! You partially resist.
* * * LOW HITPOINT WARNING * * *
You are encased in ice.
The yak completely misses you.
The ironbound frostheart calls freezing cold from the walls.
The frost grips you! You partially resist.
* * * LOW HITPOINT WARNING * * *
Unknown command.
Unknown command.
You feel much better.
The ironbound frostheart calls freezing cold from the walls.
The frost grips you! You partially resist.
* * * LOW HITPOINT WARNING * * *
You block the yak's attack. The yak completely misses you.
The yak attacks as you move away! The yak closely misses you.
The yak misses you. The ice encasing you melts away.
The yak closely misses you. The yak attacks as you move away!
The yak gores you but does no damage.
The yak snorts and paws the ground.
You block the yak's attack.
The ironbound frostheart calls freezing cold from the walls.
The frost grips you. You partially resist.
* * * LOW HITPOINT WARNING * * *
You are encased in ice.
The ironbound frostheart calls freezing cold from the walls.
The frost grips you! You partially resist.
You die...

Skill      XL: |  1  2  3  4  5  6  7  8  9 10 11 12 13 14 |
---------------+-------------------------------------------+-----
Earth Magic    | 3 4 5 6 10 11 | 11.1
Transmutations | 2 3 5 8 10 14 | 14.3
Conjurations   | 1 2 3 5 6 |  6.2
Fighting       | 1 2 3 6 8 9 |  9.7
Evocations     | 3 8 9 10 | 10.1
Dodging        | 5 8 10 11 12 | 12.9
Short Blades   | 2 4 |  4.0
Spellcasting   | 4 5 7 8 10 | 10.0
Stealth        | 6 |  6.0
Shields        | 4 |  4.0

Action                   |  1- 3 |  4- 6 |  7- 9 | 10-12 | 13-15 || total
-------------------------+-------+-------+-------+-------+-------++-------
Melee: Unarmed           |     1 |       |       |       |       ||     1
       Staff             |       |     9 |    31 |    13 |       ||    53
       Dagger            |       |       |    90 |   302 |   478 ||   870
       Punch             |       |       |     2 |    11 |       ||    13
 Cast: Sandblast         |    46 |    63 |    39 |     8 |     2 ||   158
       Passwall          |     1 |       |       |     1 |     4 ||     6
       Stone Arrow       |       |    24 |    96 |   249 |   209 ||   578
       Petrify           |       |       |    43 |   155 |   135 ||   333
       Irradiate         |       |       |       |     1 |    27 ||    28
       Statue Form       |       |       |       |       |    29 ||    29
Evoke: Wand              |       |       |     5 |     2 |     4 ||    11
  Use: Scroll            |     4 |     2 |     8 |    11 |     9 ||    34
       Potion            |       |     1 |     2 |     3 |     2 ||     8
 Stab: Petrified         |       |       |    54 |   167 |    79 ||   300
       Petrifying        |       |       |     4 |     8 |    19 ||    31
       Sleeping          |       |       |       |       |     1 ||     1
Armor: Robe              |     2 |     1 |     1 |       |       ||     4
       Steam dragon scal |       |       |     5 |    27 |     7 ||    39
       Skin              |       |       |       |       |   255 ||   255
Dodge: Dodged            |    18 |    34 |    86 |   253 |  1045 ||  1436
       Repelled          |       |       |     2 |     8 |     6 ||    16
Block: Buckler           |       |       |       |    21 |   348 ||   369

Levels and vault maps discovered:
D:1:      nicolae_arrival_memento_mori, layout_basic, serial_shops, shop
D:2:      layout_basic, basic_altar, grunt_ministairs_6,
          kennysheep_jessica_study
D:3:      layout_basic, hellmonk_okawaru_the_only_friend_you_need,
          kennysheep_pointless_box, guppyfry_early_orc_mine
D:4:      cheibrodos_thug_alley, layout_basic, minmay_temple_entry_tees,
          serial_shops, shop_statue, uniq_ijyb, uniq_eustachio
D:5:      layout_loops_ring, lemuel_tele_altar, serial_shops, shop,
          minmay_shop_grid_forest, sigmund_edmund_badplayer, uniq_duvessa
D:6:      layout_basic, makhleb_grotto_becter, gammafunk_ghost_necromancy
D:7:      layout_loops_cross, grunt_temple_overflow_open,
          nicolae_figureground_sparkle
D:8:      layout_cave_pods, worms_lemuel
D:9:      minmay_distorted_concentric_squares, layout_irregular_city,
          mainiacjoe_overflow_surrounded_room, gammafunk_ghost_spectres
D:10:     layout_grid_maze, due_lair_maze_entry_diamond, evilmike_butchery,
          uniq_erica, uniq_nergalle
D:11:     layout_loops_cross, erik_orc_2, water_boxes_lemuel
D:12:     minmay_tearing_corner, layout_stronghold,
          einodemon_armed_red_devil_minivault, uniq_frances
Temple:   hellmonk_temple_forest_ring
Lair:1:   layout_chaotic_city, grunt_megastairs_5, uniq_fannar
Lair:2:   layout_misc_corridors, minmay_shoals_entry_lonely_mermaid,
          st_stairs_11
Lair:3:   layout_gridlike, spider_nest_entry_a
Lair:4:   layout_cave_pods, basic_altar, lemuel_fruit_fields,
          lemuel_fruit_fields
Lair:5:   minmay_lair_end_frog_pond, layout_layer_cave, slime_entry_1,
          portal_ice_cave_entry_imps, gauntlet_entry_generic, grunt_megastairs_3
Orc:1:    layout_diamond_mine
Orc:2:    st_orc_open, layout_caves, nicolae_shop_overcharged_wands,
          uniq_jorgrun
IceCv:    ice_cave_caverns_03

Notes
Turn   | Place    | Note
-------+----------+-------------------------------------------
     0 | D:1      | quinnr the Spriggan Earth Elementalist began the quest for
                  | the Orb.
     0 | D:1      | Reached XP level 1. HP: 9/9 MP: 5/5
   217 | D:1      | Reached skill level 3 in Earth Magic
   375 | D:1      | Reached XP level 2. HP: 13/13 MP: 4/6
   419 | D:1      | Learned a level 2 spell: Passwall
   678 | D:1      | Found Bextohepp's Distillery.
   944 | D:1      | Reached skill level 2 in Transmutations
  1189 | D:2      | Reached XP level 3. HP: 16/16 MP: 6/8
  1193 | D:2      | Learned a level 3 spell: Stone Arrow
  1411 | D:2      | Noticed Jessica
  1426 | D:2      | Killed Jessica
  1546 | D:2      | Reached XP level 4. HP: 21/21 MP: 7/9
  1564 | D:2      | Reached skill level 3 in Transmutations
  1582 | D:2      | Found a hide-covered altar of Uskayaw.
  1748 | D:3      | Got Mejok's Anthology of the Captivating Wind
  1831 | D:3      | Reached skill level 1 in Conjurations
  1846 | D:3      | Reached skill level 4 in Earth Magic
  2192 | D:3      | Reached XP level 5. HP: 24/24 MP: 7/10
  2584 | D:3      | Found an iron altar of Okawaru.
  2618 | D:4      | Found a staircase to the Ecumenical Temple.
  2627 | Temple   | Entered the Ecumenical Temple
  2656 | Temple   | Became a worshipper of Sif Muna the Loreminder
  2674 | D:4      | Reached skill level 2 in Conjurations
  2812 | D:4      | Noticed Eustachio
  2816 | D:4      | Noticed Ijyb
  2820 | D:4      | Killed Eustachio
  2821 | D:4      | Reached skill level 1 in Fighting
  2821 | D:4      | Reached XP level 6. HP: 30/30 MP: 3/11
  2859 | D:4      | Killed Ijyb
  2860 | D:4      | Reached skill level 5 in Earth Magic
  3342 | D:4      | Found Neklag's Book Shoppe.
  3473 | D:4      | Reached * piety under Sif Muna
  3490 | D:4      | Reached skill level 2 in Fighting
  3490 | D:4      | Reached skill level 2 in Evocations
  3494 | D:4      | Reached skill level 3 in Conjurations
  3494 | D:4      | Reached skill level 3 in Evocations
  3494 | D:4      | Reached XP level 7. HP: 13/35 MP: 2/12
  3702 | D:4      | You fall into a shaft and drop 1 floor!
  3702 | D:5      | Entered Level 5 of the Dungeon
  4031 | D:5      | Reached skill level 4 in Evocations
  4046 | D:5      | Found a shadowy altar of Dithmenos.
  4076 | D:5      | Reached skill level 5 in Evocations
  4295 | D:5      | Found Zuxzuehy's Jewellery Shoppe.
  4295 | D:5      | Noticed Duvessa
  4542 | D:5      | Found Vovireq's Assorted Antiques.
  4546 | D:5      | Found Jaezam Geddy's Book Emporium.
  4546 | D:5      | Found Ryijar's Magic Scroll Emporium.
  4559 | D:5      | Reached skill level 6 in Evocations
  4579 | D:5      | Found Quck's Armour Emporium.
  4584 | D:5      | Bought a scarf of repulsion for 168 gold pieces
  4592 | D:5      | Bought a scroll of identify for 26 gold pieces
  4592 | D:5      | Bought a scroll of teleportation for 39 gold pieces
  4643 | D:5      | Learned a level 4 spell: Petrify
  4725 | D:5      | Noticed Dowan
  4727 | D:5      | Killed Duvessa
  4728 | D:5      | Reached skill level 7 in Evocations
  4730 | D:5      | Killed Dowan
  4731 | D:5      | Reached skill level 4 in Transmutations
  4739 | D:5      | Noticed Edmund
  4783 | D:5      | Killed Edmund
  4784 | D:5      | Reached skill level 5 in Transmutations
  4784 | D:5      | Reached skill level 8 in Evocations
  4784 | D:5      | Reached XP level 8. HP: 39/39 MP: 1/13
  4826 | D:5      | Noticed Sigmund
  4836 | D:5      | Killed Sigmund
  4837 | D:5      | Reached skill level 6 in Transmutations
  5176 | D:6      | Found a runed translucent gate.
  5176 | D:6      | Found a runed translucent gate.
  5176 | D:6      | Found a runed translucent gate.
  5220 | D:6      | Reached skill level 3 in Dodging
  5222 | D:6      | Reached skill level 7 in Transmutations
  5268 | D:6      | Reached skill level 4 in Dodging
  5477 | D:6      | Reached skill level 5 in Dodging
  5493 | D:6      | Reached skill level 8 in Transmutations
  5585 | D:6      | Reached skill level 1 in Short Blades
  5641 | D:6      | Reached ** piety under Sif Muna
  5747 | D:6      | Found a burning altar of Makhleb.
  5916 | D:6      | Reached skill level 2 in Short Blades
  5916 | D:6      | Reached XP level 9. HP: 42/42 MP: 8/14
  5936 | D:6      | Reached skill level 9 in Transmutations
  6093 | D:6      | Noticed enile's ghost (novice TeCj)
  6457 | D:7      | Reached skill level 3 in Short Blades
  6707 | D:7      | Found a hide-covered altar of Uskayaw.
  6707 | D:7      | Found a hazy altar of Hepliaklqana.
  6708 | D:7      | Found a stormy altar of Qazlal.
  6714 | D:7      | Reached skill level 4 in Conjurations
  6732 | D:7      | Found a shimmering altar of Xom.
  6732 | D:7      | Found an ornate altar of the Wu Jian Council.
  6733 | D:7      | Found a snail-covered altar of Cheibriados.
  7281 | D:7      | Reached skill level 4 in Short Blades
  7504 | D:8      | Identified a potion of resistance
  7569 | D:8      | Reached skill level 10 in Transmutations
  7923 | D:8      | Reached skill level 3 in Spellcasting
  7923 | D:8      | Reached skill level 6 in Earth Magic
  8376 | D:8      | Reached skill level 4 in Spellcasting
  8376 | D:8      | Reached skill level 5 in Conjurations
  8420 | D:8      | Reached XP level 10. HP: 24/46 MP: 2/18
  8431 | D:8      | Reached *** piety under Sif Muna
  8461 | D:8      | Reached skill level 5 in Spellcasting
  8461 | D:8      | Reached skill level 7 in Earth Magic
  9264 | D:8      | Identified the +5 plate armour "Vavaig" {rF+ rCorr Str+2
                  | Dex+6}
  9738 | D:9      | Noticed a white ugly thing
  9751 | D:9      | Killed a white ugly thing
  9752 | D:9      | Reached skill level 8 in Earth Magic
  9768 | D:9      | Noticed a deep elf pyromancer
  9779 | D:9      | Killed a deep elf pyromancer
  9890 | D:9      | Identified a +1 robe of the Archmagi
  9903 | D:9      | Reached skill level 9 in Earth Magic
  9924 | D:9      | Noticed a salamander
  9937 | D:9      | Killed a salamander
 10299 | D:9      | Found a sacrificial altar of Ru.
 10476 | D:9      | Found a runed translucent gate.
 10476 | D:9      | Found a runed translucent gate.
 10476 | D:9      | Found a runed translucent gate.
 10477 | D:9      | Noticed EyeSee2020's ghost (novice MiFi)
 10621 | D:10     | Entered Level 10 of the Dungeon
 10621 | D:10     | Found a staircase to the Lair.
 10662 | D:9      | Reached skill level 10 in Earth Magic
 10883 | D:9      | Reached skill level 3 in Fighting
 11232 | D:9      | Reached XP level 11. HP: 36/53 MP: 19/19
 11339 | D:9      | Reached skill level 4 in Fighting
 11774 | D:10     | Reached **** piety under Sif Muna
 12055 | D:10     | Reached skill level 5 in Fighting
 12398 | D:10     | Noticed Nergalle
 12445 | D:10     | Killed Nergalle
 12446 | D:10     | Reached skill level 6 in Fighting
 12511 | D:10     | Noticed Erica
 12521 | D:10     | Killed Erica
 12522 | D:10     | Reached skill level 4 in Stealth
 12992 | D:11     | Noticed a two-headed ogre
 13107 | D:11     | Reached skill level 6 in Dodging
 13107 | D:11     | Reached skill level 5 in Stealth
 13114 | D:11     | Reached skill level 6 in Spellcasting
 13378 | D:11     | Killed a two-headed ogre
 13508 | D:11     | Reached skill level 6 in Stealth
 13693 | D:11     | Reached ***** piety under Sif Muna
 13694 | D:11     | Reached skill level 7 in Dodging
 13727 | D:11     | Reached skill level 7 in Spellcasting
 13880 | D:11     | Reached skill level 8 in Dodging
 14225 | D:11     | Noticed an orc knight
 14241 | D:11     | Killed an orc knight
 14245 | D:11     | Found a staircase to the Orcish Mines.
 14547 | D:12     | Noticed a two-headed ogre
 14657 | D:11     | Reached skill level 9 in Evocations
 14659 | D:11     | Received a gift from Sif Muna
 14660 | D:11     | Got Neilom's Almanac of Earth and Forms {god gift}
 14674 | D:11     | Killed a two-headed ogre
 14675 | D:11     | Reached XP level 12. HP: 34/61 MP: 14/23
 14682 | D:11     | Learned a level 5 spell: Irradiate
 14890 | D:12     | Noticed Frances
 14950 | D:12     | Reached skill level 9 in Dodging
 14979 | D:12     | Reached skill level 10 in Evocations
 15304 | D:12     | Reached skill level 1 in Shields
 15304 | D:12     | Reached skill level 11 in Transmutations
 15553 | D:12     | Reached skill level 2 in Shields
 15571 | D:12     | Noticed a boulder beetle
 15682 | Orc:1    | Entered Level 1 of the Orcish Mines
 15798 | Orc:1    | Noticed an orc high priest
 15950 | D:11     | Killed an orc high priest
 15951 | D:11     | Reached skill level 3 in Shields
 16288 | Orc:1    | Reached skill level 4 in Shields
 16288 | Orc:1    | Reached skill level 12 in Transmutations
 16682 | Orc:2    | Entered Level 2 of the Orcish Mines
 16695 | Orc:2    | Found a staircase to the Elven Halls.
 16878 | Orc:2    | Found Geah Zum's Overcharged Wands.
 17045 | Orc:2    | Noticed Jorgrun
 17306 | D:12     | Reached skill level 13 in Transmutations
 17632 | D:12     | Noticed an ettin
 17648 | D:12     | Killed an ettin
 17652 | D:12     | Noticed a fire giant
 17652 | D:12     | Identified the ring of Movylonn {Fly rF+ rC+++ rCorr}
 17763 | D:12     | Killed a boulder beetle
 17764 | D:12     | Reached skill level 14 in Transmutations
 17778 | D:12     | Killed a fire giant
 17780 | D:12     | Noticed a centaur warrior
 17931 | D:12     | Noticed a stone giant
 17942 | D:12     | Killed a stone giant
 17966 | D:12     | Reached skill level 10 in Dodging
 18086 | D:12     | Noticed a boulder beetle
 18087 | D:12     | Noticed a catoblepas
 18125 | D:12     | Killed a boulder beetle
 18126 | D:12     | Reached skill level 8 in Spellcasting
 18126 | D:12     | Reached XP level 13. HP: 65/65 MP: 23/26
 18140 | D:12     | Noticed an ettin
 18146 | D:12     | Noticed a storm dragon
 18254 | D:12     | Killed an ettin
 18555 | Lair:1   | Entered Level 1 of the Lair of Beasts
 18704 | D:4      | Bought a book of the Earth for 396 gold pieces
 18711 | D:4      | Learned a level 6 spell: Statue Form
 18917 | Lair:1   | Noticed Fannar
 19216 | Lair:1   | Killed Fannar
 19217 | Lair:1   | Gained mutation: Armour fits poorly on your strangely
                  | shaped body. [mutagenic glow]
 19246 | Lair:1   | Received a gift from Sif Muna
 19247 | Lair:1   | Got Sif Muna's Almanac of the Airy Wayfarer {god gift}
 19311 | Lair:1   | Reached skill level 11 in Dodging
 19311 | Lair:1   | Reached skill level 9 in Spellcasting
 19909 | Lair:1   | Reached skill level 10 in Spellcasting
 20136 | Lair:2   | Found a staircase to the Shoals.
 20403 | Lair:2   | Reached skill level 7 in Fighting
 21235 | Lair:3   | Reached skill level 8 in Fighting
 21482 | Lair:3   | Found a hole to the Spider Nest.
 22036 | Lair:3   | Received a gift from Sif Muna
 22037 | Lair:3   | Got Sif Muna's Secrets of the Figure and the Quarry {god
                  | gift}
 22212 | Lair:2   | Learned a level 8 spell: Lehudib's Crystal Spear
 23337 | Lair:4   | Found an ancient bone altar of Kikubaaqudgha.
 23679 | Lair:4   | Reached XP level 14. HP: 54/74 MP: 10/29
 24470 | Lair:4   | Reached skill level 9 in Fighting
 24906 | Lair:5   | Entered Level 5 of the Lair of Beasts
 24922 | Lair:4   | Reached skill level 12 in Dodging
 25083 | Lair:5   | Found a frozen archway.
 25161 | IceCv    | Entered an ice cave
 25747 | IceCv    | Reached skill level 6 in Conjurations
 26115 | IceCv    | Got Kote's Volume of Maledictive Transmutation
 26206 | IceCv    | Reached skill level 11 in Earth Magic
 26621 | IceCv    | Killed from afar by an ironbound frostheart

Vanquished Creatures
  A fire giant (D:12)
  A stone giant (D:12)
  2 ettins (D:12)
  Fannar (Lair:1)
  3 hydras
  Erica (D:10)
  A catoblepas (D:12)
  2 two-headed ogres (D:11)
  3 boulder beetles
  An orc high priest (D:11)
  6 death yaks
  Nergalle (D:10)
  A wizard (D:12)
  3 orc knights
  A deep elf pyromancer (D:9)
  2 orc sorcerers (Orc:1)
  2 ugly things
  3 cyclopes
  A salamander (shapeshifter) (D:9)
  8 elephants
  An ice statue (IceCv)
  A molten gargoyle (Lair:2)
  A merfolk siren (Lair:2)
  A black mamba (Lair:2)
  A gargoyle (D:10)
  9 cane toads
  2 rime drakes
  3 kobold demonologists
  7 komodo dragons
  4 red devils (D:12)
  A tengu conjurer (D:12)
  A yaktaur (D:12)
  9 polar bears (IceCv)
  A meliai (D:12)
  4 trolls
  A hornet (D:12)
  3 slime creatures (D:9)
  21 blink frogs
  7 dream sheep
  2 jumping spiders (Lair:3)
  Sigmund (D:5)
  A water elemental (D:11)
  49 yaks
  2 shadows (D:12)
  3 wyverns
  2 wraiths
  3 basilisks
  Eustachio (D:4)
  2 steam dragons
  2 swamp worms (D:8)
  Edmund (D:5)
  A warg (Orc:1)
  Duvessa (D:5)
  3 acid dragons
  13 water moccasins
  14 orc warriors
  A sky beast (D:7)
  3 black bears
  An ice beast (D:6)
  3 ogres
  29 wolves
  7 centaurs
  A phantom (D:7)
  16 bullfrogs
  2 necrophages
  5 kobold brigands
  2 gnoll sergeants
  3 scorpions
  6 wights
  Dowan (D:5)
  10 killer bees
  4 electric eels (D:11)
  5 howler monkeys
  9 orc priests
  A gnoll bouda (D:7)
  2 hounds
  An iguana (D:6)
  An iron imp (D:6)
  Jessica (D:2)
  7 hell rats (Lair:2)
  28 orc wizards
  Ijyb (D:4)
  13 gnolls
  9 adders
  A shadow imp (D:6)
  13 white imps
  An ufetubus (D:6)
  A worm (D:1)
  63 orcs
  10 ball pythons
  7 endoplasms
  2 giant cockroaches
  12 goblins
  14 hobgoblins
  21 kobolds
  5 quokkas
  4 bats
  A frilled lizard (D:3)
  6 rats
  A fire vortex (Lair:3)
557 creatures vanquished.

Vanquished Creatures (others)
  37 fungi
  63 plants
100 creatures vanquished.

Grand Total: 657 creatures vanquished

Table legend: (Time is in decaauts)
 A = Elapsed time spent in this place.
 B = Non-inter-level travel time spent in this place.
 C = Inter-level travel time spent in this place.
 D = Time resting spent in this place.
 E = Time spent auto-exploring this place.
 F = Levels seen in this place.
 G = Mean time per level.
                   A        B        C        D        E       F      G
               +--------+--------+--------+--------+--------+-----+--------+
         Total |  21810 |  20918 |    892 |   4433 |  11743 |  21 | 1038.6 |
       Dungeon |  14004 |  13261 |    743 |   3024 |   7575 |  12 | 1167.0 |
        Temple |     27 |     19 |      8 |      0 |     10 |   1 |   27.0 |
          Lair |   5380 |   5267 |    113 |    852 |   3059 |   5 | 1076.0 |
  Orcish Mines |    904 |    878 |     26 |     23 |    548 |   2 |  452.0 |
      Ice Cave |   1493 |   1493 |      0 |    533 |    549 |   1 | 1493.0 |
               +--------+--------+--------+--------+--------+-----+--------+

Top non-repeatable levels by time:
    D:11: 2169 daAuts
     D:9: 1764 daAuts
  Lair:3: 1626 daAuts
  Lair:2: 1596 daAuts
   IceCv: 1493 daAuts
     D:8: 1427 daAuts
    D:10: 1372 daAuts
    D:12: 1349 daAuts
  Lair:4: 1097 daAuts
     D:7: 1086 daAuts
     D:4: 960 daAuts
     D:6: 943 daAuts
  Lair:1: 914 daAuts
     D:5: 902 daAuts
     D:1: 902 daAuts

Table legend:
 A = Non-vault XP
 B = Vault XP
 C = Vault XP percentage of total XP
 D = Non-vault monster count
 E = Vault monster count
 F = Vault count percentage of total count
                 A         B        C        D         E       F
            +---------+---------+-------+---------+---------+-------
      Total |   53273 |   33417 |  38.5 |     402 |     154 |  27.7
            +---------+---------+-------+---------+---------+-------
        D:1 |      34 |       0 |   0.0 |      19 |       0 |   0.0
        D:2 |      36 |      43 |  54.4 |      14 |       4 |  22.2
        D:3 |     140 |      17 |  10.8 |      22 |       7 |  24.1
        D:4 |      73 |     433 |  85.6 |      14 |      13 |  48.1
        D:5 |     389 |     621 |  61.5 |      13 |       4 |  23.5
        D:6 |    1181 |      39 |   3.2 |      22 |       1 |   4.3
        D:7 |    1099 |       0 |   0.0 |      19 |       0 |   0.0
        D:8 |    1989 |     327 |  14.1 |      29 |       2 |   6.5
        D:9 |    1927 |    3662 |  65.5 |      17 |      17 |  50.0
       D:10 |    1598 |    1623 |  50.4 |      22 |       2 |   8.3
       D:11 |    7039 |    1019 |  12.6 |      39 |      20 |  33.9
       D:12 |    2393 |   10363 |  81.2 |      10 |      17 |  63.0
     Lair:1 |    3974 |     896 |  18.4 |      21 |       1 |   4.5
     Lair:2 |    7494 |     878 |  10.5 |      34 |       2 |   5.6
     Lair:3 |    9259 |     473 |   4.9 |      35 |       2 |   5.4
     Lair:4 |    6178 |    2195 |  26.2 |      16 |       6 |  27.3
     Lair:5 |    3824 |    1391 |  26.7 |      12 |      16 |  57.1
      Orc:1 |    3152 |       0 |   0.0 |      29 |       0 |   0.0
      Orc:2 |    1494 |       0 |   0.0 |      15 |       0 |   0.0
      IceCv |       0 |    9437 | 100.0 |       0 |      40 | 100.0
            +---------+---------+-------+---------+---------+-------
